 Dungeon Sprint DCSS version 0.30-a0-772-g5528072125 (webtiles) character file.

Game seed: 1203779168669505846

23602 rocky1 the Stickfighter (level 13, 0/115 HPs)
             Began as a Formicid Fighter on Feb 3, 2023.
             Was an Initiate of Gozag.
             Slain by an ettin
             ... wielding a +0 dire flail
              (8 damage)
             ... in the Dungeon (Sprint IX: "|||||||||||||||||||||||||||||") on Feb 13, 2023.
             The game lasted 00:22:33 (5058 turns).

rocky1 the Stickfighter (Formicid Fighter)          Turns: 5058, Time: 00:22:34

Health: 0/115      AC: 30    Str: 27    XL:     13   Next: 36%
Magic:  0/13       EV: 16    Int:  7    God:    Gozag
Gold:   88         SH:  8    Dex: 13    Spells: 12/12 levels left

rFire   + . .      SeeInvis +    z - +8 great mace (protect)
rCold   + . .      Faith    .    c - +0 buckler
rNeg    . . .      Spirit   +    d - +3 chain mail {rF+}
rPois   +          Reflect  .    (helmet unavailable)
rElec   .          Harm     .    G - +1 cloak
rCorr   .          Rampage  +    o - +0 pair of gloves
Will    +....                    H - +2 pair of boots {rampage} Stlth
                                 t - amulet of guardian spirit
HPRegen 0.39/turn                w - ring of poison resistance
MPRegen 0.13/turn                v - ring "Zinavan" {rC+ EV+5}

@: mighty, under a protective aura
A: permanent stasis, dig shafts and tunnels, antennae 3, four strong arms
a: Dig, Renounce Religion, Potion Petition, Call Merchant, Bribe Branch


You were in the Dungeon.
You worshipped Gozag.
Gozag was noncommittal.
You visited 1 branch You collected 8532 gold pieces.
You spent 3068 gold pieces at shops.
You paid 5376 gold pieces to Gozag.

Inventory:

Hand Weapons
 j - a +1 glaive of flaming
 n - a +4 quarterstaff of speed
 u - a +2 morningstar of flaming
 z - a +8 great mace of protection (weapon)
Armour
 c - a +0 buckler (worn)
 d - a +3 chain mail of fire resistance (worn)
 o - a +0 pair of gloves (worn)
 G - a +1 cloak (worn)
 H - a +2 pair of boots of rampaging (worn)
Jewellery
 t - an amulet of guardian spirit (around neck)
 v - the ring "Zinavan" (right hand) {rC+ EV+5}
   (You bought it in a shop in the Dungeon)

   [ring of evasion]

   EV:        It affects your evasion (+5).
   rC:        It protects you from cold.
 w - a ring of poison resistance (left hand)
 B - a ring of protection from fire
 C - a ring of protection from fire
Scrolls
 b - 3 scrolls of fog
 g - 4 scrolls of enchant weapon
 l - 4 scrolls of amnesia
 A - a scroll of torment
 E - a scroll of identify
 F - a scroll of fear
Potions
 a - a potion of brilliance
 e - 9 potions of curing
 f - 2 potions of heal wounds
 h - 4 potions of magic
 k - a potion of attraction
 q - a potion of flight


   Skills:
 - Level 15.0 Fighting
 * Level 11.9(17.1) Maces & Flails
 - Level 11.4(16.7) Polearms
 - Level 19.5(21.6) Staves
 - Level 13.6 Armour
 - Level 6.9 Dodging
 + Level 15.6 Shields
 - Level 0.3 Evocations


You had 12 spell levels left.
You didn't know any spells.
Your spell library was empty.

Dungeon Overview and Level Annotations

Branches:
Dungeon (1/1)

Altars:
Cheibriados
Dithmenos
Elyvilon
Fedhas
Gozag
Hepliaklqana
Kikubaaqudgha
Makhleb
Nemelex Xobeh
Okawaru
Qazlal
Ru
Sif Muna
Trog
Uskayaw
Vehumet
Wu Jian
Xom
Yredelemnul
Zin
The Shining One
Jiyva
Lugonu

Shops:
D (([*[*=(!


Innate Abilities, Weirdness & Mutations

You cannot be hasted, slowed, berserked, paralysed or teleported.
You can dig through walls and to a lower floor.
You have a pair of large antennae on your head. (SInv)
Your four strong arms can wield two-handed weapons with a shield.


Message History

You feel much better.
The ettin is no longer distracted by gold.
The stone giant completely misses you.
You feel very mighty all of a sudden. You block the stone giant's attack.
You bludgeon the stone giant!!
The stone giant is heavily wounded.
The stone giant hits you!
* * * LOW HITPOINT WARNING * * *
You hit the stone giant.
The stone giant is heavily wounded.
The stone giant closely misses you.
You sock the stone giant!
The stone giant is severely wounded.
You block the stone giant's attack.
You bludgeon the stone giant!!
You kill the stone giant!
You hit the ettin.
The ettin is lightly wounded.
The ettin hits you with a +0 dire flail!
* * * LOW HITPOINT WARNING * * *
The ettin hits you with a +0 dire flail!
* * * LOW HITPOINT WARNING * * *
Unknown command.
You feel much better.
The ettin hits you with a +0 dire flail.
* * * LOW HITPOINT WARNING * * *
The ettin hits you but does no damage.
You bludgeon the ettin!!
The ettin is heavily wounded.
You bludgeon the ettin!!
The ettin is almost dead.
The ettin hits you with a +0 dire flail!!
* * * LOW HITPOINT WARNING * * *
The ettin closely misses you.
You hit the ettin.
The ettin is almost dead.
The ettin hits you with a +0 dire flail!
You die...
Your body crumbles into a pile of gold. ,,,,,,,,,,,,,,,+,,,,,,,,,,,,,,,,, ********************************* ,,,,,,,,,{{{{{{,,,,,,,,,,,,,,,,,, ********************************* {{{{{{+{{{{{{{{{+{{{{{{{{{+{{{{{{

*********************************
,,,,,,,,,,,,,,,,,,,,,,,,,,,{,,,,,
▓▓▓▓▓▓▓▓▓▓▓▓▓▓▓▓▓▓▓▓▓▓▓▓▓▓▓▓▓▓▓▓▓
....$$$$$$.....C@.!.=[[[=[[[.))))
▓▓▓▓▓▓▓▓▓▓▓▓▓▓▓▓▓▓▓▓▓▓▓▓▓▓▓▓▓▓▓▓▓
.................................
▓▓▓▓▓▓▓▓▓▓▓▓▓▓▓▓▓▓▓▓▓▓▓▓▓▓▓▓▓▓▓▓▓
)∩.∩)∩.).)))..∩∩[.....[['.)[)[.)[
▓▓▓▓▓▓▓▓▓▓▓▓▓▓▓▓▓▓▓▓▓▓▓▓▓▓▓▓▓▓▓▓▓
.................)...............
▓▓▓▓▓▓▓▓▓▓▓▓▓▓▓▓▓▓▓▓▓▓▓▓▓▓▓▓▓▓▓▓▓
..........'.........'.........'..


You could see an ettin.

Vanquished Creatures
  A frost giant (D)
  A stone giant (D)
  4 dire elephants (D)
  An ice dragon (D)
  Erolcha (D)
  A hydra (D)
  A centaur warrior (D)
  A tengu warrior (D)
  A skeletal warrior (D)
  9 orc knights (D)
  A deep elf pyromancer (D)
  2 orc sorcerers (D)
  A necromancer (D)
  3 ugly things (D)
  A cyclops (D)
  4 elephants (D)
  A black mamba (D)
  3 cane toads (D)
  A freezing wraith (D)
  A kobold demonologist (D)
  An efreet (D)
  An unseen horror (D)
  3 komodo dragons (D)
  A meliai (D)
  A polar bear (D)
  3 blink frogs (D)
  2 slime creatures (D)
  3 yaks (D)
  A steam dragon (D)
  2 basilisks (D)
  A water moccasin (D)
  16 orc warriors (D)
  A wolf (D)
  A centaur (D)
  3 orc priests (D)
  A hound (D)
  An iguana (D)
  7 orc wizards (D)
  An adder (D)
  6 orcs (D)
  A bat (D)
  An endoplasm (D)
  A hobgoblin (D)
  A frilled lizard (D)
  A rat (D)
100 creatures vanquished.

Vanquished Creatures (others)
  An ettin (D)
1 creature vanquished.

Grand Total: 101 creatures vanquished

Notes
Turn   | Place    | Note
-------+----------+-------------------------------------------
     0 | D        | rocky1 the Formicid Fighter began the quest for the Orb.
     0 | D        | Reached XP level 1. HP: 18/18 MP: 1/1
    32 | D        | Noticed an orc wizard
    32 | D        | Noticed a hound
    32 | D        | Noticed an iguana
    35 | D        | Reached skill level 5 in Shields
    35 | D        | Reached XP level 2. HP: 25/25 MP: 2/2
    38 | D        | Reached skill level 3 in Staves
    38 | D        | Reached skill level 5 in Armour
    38 | D        | Reached XP level 3. HP: 32/32 MP: 3/3
    49 | D        | Reached skill level 5 in Fighting
    49 | D        | Reached skill level 4 in Staves
    49 | D        | Reached XP level 4. HP: 12/39 MP: 4/4
   497 | D        | Found a snail-covered altar of Cheibriados.
   497 | D        | Found a shadowy altar of Dithmenos.
   497 | D        | Found a white marble altar of Elyvilon.
   497 | D        | Found a blossoming altar of Fedhas.
   497 | D        | Found an opulent altar of Gozag.
   498 | D        | Found a hazy altar of Hepliaklqana.
   499 | D        | Found a viscous altar of Jiyva.
   500 | D        | Found an ancient bone altar of Kikubaaqudgha.
   501 | D        | Found a corrupted altar of Lugonu.
   502 | D        | Found a burning altar of Makhleb.
   503 | D        | Found a sparkling altar of Nemelex Xobeh.
   504 | D        | Found an iron altar of Okawaru.
   505 | D        | Became a worshipper of Gozag Ym Sagoz the Greedy
   506 | D        | Found a stormy altar of Qazlal.
   507 | D        | Found a sacrificial altar of Ru.
   508 | D        | Found a shimmering blue altar of Sif Muna.
   509 | D        | Found a bloodstained altar of Trog.
   510 | D        | Found a hide-covered altar of Uskayaw.
   511 | D        | Found a radiant altar of Vehumet.
   512 | D        | Found an ornate altar of the Wu Jian Council.
   513 | D        | Found a shimmering altar of Xom.
   514 | D        | Found a basalt altar of Yredelemnul.
   515 | D        | Found a glowing silver altar of Zin.
   516 | D        | Found a glowing golden altar of the Shining One.
   584 | D        | Noticed a yak
   584 | D        | Noticed an orc warrior
   584 | D        | Noticed an orc warrior
   584 | D        | Noticed a centaur
   584 | D        | Noticed a steam dragon
  1124 | D        | Killed a steam dragon
  1125 | D        | Reached skill level 6 in Staves
  1125 | D        | Reached XP level 5. HP: 47/47 MP: 5/5
  1131 | D        | Killed a centaur
  1132 | D        | Reached skill level 7 in Staves
  1132 | D        | Reached skill level 1 in Dodging
  1132 | D        | Reached XP level 6. HP: 53/53 MP: 6/6
  1141 | D        | Killed an orc warrior
  1142 | D        | Reached skill level 8 in Staves
  1150 | D        | Killed an orc warrior
  1151 | D        | Reached skill level 9 in Staves
  1151 | D        | Reached XP level 7. HP: 23/60 MP: 7/7
  1161 | D        | Killed a yak
  1162 | D        | Reached skill level 10 in Staves
  1495 | D        | Noticed a red ugly thing
  1495 | D        | Noticed a kobold demonologist
  1495 | D        | Noticed a skeletal warrior
  1495 | D        | Noticed a centaur warrior
  1495 | D        | Noticed an unseen horror
  1495 | D        | Noticed a slime creature
  1501 | D        | Noticed a rust devil
  1501 | D        | Killed a slime creature
  1502 | D        | Reached skill level 11 in Staves
  1502 | D        | Reached XP level 8. HP: 68/68 MP: 8/8
  1506 | D        | Killed an unseen horror
  1507 | D        | Reached skill level 12 in Staves
  1511 | D        | Killed a centaur warrior
  1512 | D        | Reached skill level 14 in Staves
  1512 | D        | Reached skill level 10 in Armour
  1512 | D        | Reached XP level 9. HP: 69/76 MP: 9/9
  1520 | D        | Killed a skeletal warrior
  1521 | D        | Reached skill level 15 in Staves
  1526 | D        | Killed a red ugly thing
  1528 | D        | Killed a kobold demonologist
  1529 | D        | Reached skill level 16 in Staves
  1982 | D        | Noticed a komodo dragon
  1982 | D        | Noticed a blink frog
  1982 | D        | Noticed a cane toad
  1982 | D        | Noticed a cane toad
  1987 | D        | Reached skill level 10 in Fighting
  1987 | D        | Reached XP level 10. HP: 85/85 MP: 10/10
  1989 | D        | Noticed a komodo dragon
  1995 | D        | Killed a cane toad
  1996 | D        | Noticed a black mamba
  1997 | D        | Noticed a four-headed hydra
  2002 | D        | Killed a cane toad
  2007 | D        | Reached skill level 10 in Shields
  2018 | D        | Killed a komodo dragon
  2030 | D        | Killed a komodo dragon
  2035 | D        | Killed a four-headed hydra
  2036 | D        | Reached skill level 5 in Dodging
  2044 | D        | Killed a black mamba
  2422 | D        | Noticed a komodo dragon
  2431 | D        | Noticed a cane toad
  2439 | D        | Reached skill level 17 in Staves
  2439 | D        | Reached XP level 11. HP: 95/95 MP: 11/11
  2730 | D        | Noticed an elephant
  2730 | D        | Noticed an elephant
  2730 | D        | Noticed a dire elephant
  2730 | D        | Noticed a dire elephant
  2730 | D        | Noticed an elephant
  2730 | D        | Noticed a dire elephant
  2731 | D        | Noticed a dire elephant
  2743 | D        | Killed a dire elephant
  2998 | D        | Killed an elephant
  2999 | D        | Reached skill level 1 in Polearms
  3016 | D        | Killed a dire elephant
  3431 | D        | Killed a dire elephant
  3432 | D        | Reached skill level 18 in Staves
  3445 | D        | Killed an elephant
  3446 | D        | Reached skill level 5 in Polearms
  3448 | D        | Noticed an elephant
  3453 | D        | Killed an elephant
  3467 | D        | Killed a dire elephant
  3474 | D        | Killed an elephant
  3854 | D        | Bought a +1 glaive of flaming for 205 gold pieces
  3885 | D        | Noticed Erolcha
  3895 | D        | Killed Erolcha
  3896 | D        | Reached XP level 12. HP: 106/106 MP: 12/12
  4047 | D        | Bought a potion of curing for 48 gold pieces
  4047 | D        | Bought a potion of heal wounds for 80 gold pieces
  4047 | D        | Bought a potion of attraction for 48 gold pieces
  4047 | D        | Bought a potion of flight for 48 gold pieces
  4047 | D        | Bought a potion of degeneration for 16 gold pieces
  4047 | D        | Bought a potion of lignification for 48 gold pieces
  4047 | D        | Bought a potion of curing for 48 gold pieces
  4094 | D        | Reached skill level 19 in Staves
  4458 | D        | Bought an amulet of guardian spirit for 360 gold pieces
  4458 | D        | Bought the ring "Zinavan" {rC+ EV+5} for 600 gold pieces
  4458 | D        | Bought a ring of poison resistance for 240 gold pieces
  4470 | D        | Found Ikkyluz's General Store.
  4485 | D        | Reached skill level 10 in Polearms
  4485 | D        | Found Rueweino's Armour Shop.
  4503 | D        | Found Oxtuegoi's General Store.
  4509 | D        | Found Ytecaum's Armour Shop.
  4548 | D        | Reached skill level 5 in Maces & Flails
  4559 | D        | Reached skill level 15 in Fighting
  4701 | D        | Bought a +2 chain mail of fire resistance for 236 gold
                  | pieces
  4701 | D        | Bought a +1 pair of boots for 126 gold pieces
  4703 | D        | Bought a scroll of magic mapping for 105 gold pieces
  4703 | D        | Bought a scroll of torment for 133 gold pieces
  4703 | D        | Bought a potion of heal wounds for 70 gold pieces
  4708 | D        | Bought a +8 great mace of protection for 597 gold pieces
  4708 | D        | Bought a potion of heal wounds for 60 gold pieces
  4905 | D        | Upgraded the game from 0.30-a0-737-gf23d94013f to
                  | 0.30-a0-772-g5528072125
  4967 | D        | Noticed a tengu warrior
  4975 | D        | Noticed an ice dragon
  4983 | D        | Killed a tengu warrior
  4984 | D        | Reached XP level 13. HP: 73/115 MP: 7/13
  4984 | D        | Noticed an ettin
  5000 | D        | Noticed a frost giant
  5001 | D        | Noticed a stone giant
  5007 | D        | Killed an ice dragon
  5011 | D        | Reached skill level 10 in Maces & Flails
  5014 | D        | HP: 5/115 [ettin/+0 dire flail of holy wrath (30)]
  5021 | D        | Killed an ettin
  5034 | D        | Noticed an ettin
  5041 | D        | Killed a frost giant
  5042 | D        | Reached skill level 15 in Shields
  5053 | D        | Killed a stone giant
  5058 | D        | Slain by an ettin

Illustrated notes

Levels and vault maps discovered:
D:        linesprint [early_d, line_temple, items_1, d_10, items_2, lair_1,
          lair_end, items_3, orc_1, orc_end, items_4, d_15, swamp_1, shoals_1,
          snake_1, spider_1, d_20, vaults_1, items_5, swamp_end, shoals_end,
          snake_end, spider_end, vaults_end, d_27, items_6, zot_1, zot_end,
          crypt_end, forest_end, elf_end, slime_end, tomb_end, abyss_end,
          pan_hell_end]

Skill      XL: |  1  2  3  4  5  6  7  8  9 10 11 12 13 |
---------------+----------------------------------------+-----
Fighting       | 4 5 6 7 8 9 10 11 13 15 | 15.0
Armour         | 4 5 7 8 9 10 11 12 13 | 13.6
Shields        | 5 6 7 8 9 11 12 13 15 | 15.6
Staves         | 3 4 6 7 9 11 14 16 17 18 19 | 19.5
Dodging        | 1 2 5 6 |  6.9
Polearms       | 7 11 | 11.4
Maces & Flails | 7 11 | 11.9
Evocations     | |  0.3

Action                     |  1- 3 |  4- 6 |  7- 9 | 10-12 | 13-15 || total
---------------------------+-------+-------+-------+-------+-------++-------
  Melee: Quarterstaff      |    29 |    44 |    43 |   394 |       ||   510
         Great mace        |       |       |       |    16 |    54 ||    70
         Glaive            |       |       |       |     6 |       ||     6
 Invoke: Call Merchant     |       |       |       |     5 |       ||     5
         Potion Petition   |       |       |       |     3 |       ||     3
  Evoke: Wand              |       |       |     2 |     7 |     1 ||    10
    Use: Potion            |       |     1 |     1 |     2 |     7 ||    11
         Scroll            |       |       |       |     2 |     1 ||     3
   Stab: Invisible         |       |     5 |     6 |    39 |       ||    50
         Distracted        |       |       |       |     3 |       ||     3
 Armour: Scale mail        |    15 |     6 |     1 |    21 |       ||    43
         Chain mail        |       |    12 |     8 |     7 |     8 ||    35
         Skin              |       |       |       |     8 |       ||     8
  Dodge: Dodged            |    10 |    16 |     4 |    89 |    27 ||   146
  Block: Buckler           |     3 |     7 |     4 |    60 |    12 ||    86

Table legend: (Time is in decaauts)
 A = Elapsed time spent in this place.
 B = Non-inter-level travel time spent in this place.
 C = Inter-level travel time spent in this place.
 D = Time resting spent in this place.
 E = Time spent auto-exploring this place.
 F = Levels seen in this place.
 G = Mean time per level.
                   A        B        C        D        E       F      G
               +--------+--------+--------+--------+--------+-----+--------+
         Total |   4765 |   4765 |      0 |   3205 |      0 |   1 | 4765.0 |
       Dungeon |   4765 |   4765 |      0 |   3205 |      0 |   1 | 4765.0 |
               +--------+--------+--------+--------+--------+-----+--------+

Top non-repeatable levels by time:
       D: 4765 daAuts
